Map: Lerilak Crest

Players

AgCl - Winner!

  • Race: Protoss Protoss

Ratchet

  • Race: Zerg Zerg

VOD

Have the link to the VOD?

Description

Time

  • Played on: May 1, 2015, 6:33 p.m.
  • Length: 17:34
Show
View Real Time Build Order
Export as new Build Order

AgCl Protoss - Winner!

Build Orders:  

Get SALT Encoding   

  12  0:05  Probe  
  13  0:17  Probe  
  14  0:30  Pylon  
  14  0:48  Probe  
  15  1:00  Probe  
  15  1:02  Gateway  
  16  1:12  Probe  
  17  1:23  Assimilator  
  17  1:24  Probe  
  18  1:26  Assimilator  
  18  1:37  Probe (Chrono Boost)  
  19  1:43  Nexus  
  19  1:49  Probe (Chrono Boost)  
  20  1:57  Probe (Chrono Boost)  
  21  2:06  Cybernetics Core  
  21  2:08  Forge  
  21  2:14  Probe (Chrono Boost)  
  22  2:18  Pylon  
  22  2:36  Probe (Chrono Boost)  
  23  2:39  Zealot (Chrono Boost)  
  23  2:43  Warp Gate (Chrono Boost)  
  25  2:44  Pylon  
  25  2:50  Probe (Chrono Boost)  
  26  2:52  Pylon  
  26  2:55  Probe (Chrono Boost)  
  29  3:05  Probe (Chrono Boost)  
  29  3:08  Mothership Core (Chrono Boost)  
  30  3:15  Pylon  
  31  3:20  Probe (Chrono Boost)  
  31  3:26  Probe (Chrono Boost)  
  33  3:28  Probe (Chrono Boost)  
  33  3:35  Twilight Council  
  33  3:39  Probe x2 (Chrono Boost)  
  35  3:47  Probe (Chrono Boost)  
  37  3:49  Probe (Chrono Boost)  
  37  3:56  Probe (Chrono Boost), Pylon  
  37  3:59  Probe (Chrono Boost), Photon Cannon  
  37  4:00  Protoss Ground Weapons Level 1 (Chrono Boost)  
  40  4:11  Dark Shrine  
  40  4:14  Probe x2 (Chrono Boost)  
  41  4:20  Gateway, Probe (Chrono Boost)  
  43  4:26  Probe (Chrono Boost)  
  44  4:31  Probe (Chrono Boost)  
  44  4:32  Pylon  
  44  4:36  Probe (Chrono Boost)  
  44  4:37  Assimilator  
  44  4:38  Probe (Chrono Boost)  
  46  4:41  Assimilator  
  46  4:44  Stalker  
  48  4:49  Probe (Chrono Boost)  
  48  4:50  Probe (Chrono Boost)  
  50  4:59  Probe (Chrono Boost)  
  51  5:00  Stargate  
  51  5:01  Probe (Chrono Boost)  
  51  5:02  Pylon  
  51  5:06  Probe (Chrono Boost)  
  53  5:16  Probe (Chrono Boost)  
  53  5:17  Probe (Chrono Boost)  
  54  5:23  Probe (Chrono Boost)  
  54  5:24  Probe (Chrono Boost)  
  54  5:28  Dark Templar  
  58  5:32  Nexus  
  59  5:35  Probe (Chrono Boost)  
  59  5:36  Pylon  
  59  5:37  Gateway  
  59  5:39  Dark Templar  
  61  5:45  Probe (Chrono Boost)  
  60  6:01  Void Ray (Chrono Boost)  
  60  6:03  Probe  
  65  6:04  Charge (Chrono Boost)  
  65  6:08  Probe  
  65  6:10  Photon Cannon  
  66  6:15  Dark Templar  
  68  6:21  Probe  
  68  6:25  Pylon  
  69  6:32  Probe, Pylon  
  70  6:36  Photon Cannon  
  70  6:37  Probe (Chrono Boost)  
  71  6:44  Stargate  
  71  6:45  Pylon  
  73  6:47  Probe (Chrono Boost)  
  73  6:51  Fleet Beacon  
  73  6:52  Probe (Chrono Boost), Void Ray (Chrono Boost)  
  78  6:54  Probe (Chrono Boost)  
  78  6:56  Probe (Chrono Boost)  
  78  6:59  Probe (Chrono Boost)  
  81  7:01  Probe  
  81  7:04  Probe, Assimilator  
  82  7:09  Assimilator  
  82  7:10  Probe  
  82  7:13  Probe  
  82  7:27  Void Ray (Chrono Boost)  
  83  7:32  Dark Templar  
  83  7:33  Dark Templar  
  81  7:44  Void Ray (Chrono Boost)  
  75  8:03  Gateway, Void Ray (Chrono Boost), Pylon  
  75  8:05  Carrier (Chrono Boost)  
  79  8:11  Gateway  
  79  8:12  Gateway  
  77  8:13  Gateway x2, Pylon  
  77  8:18  Gateway  
  84  8:23  Probe (Chrono Boost)  
  84  8:24  Probe (Chrono Boost)  
  84  8:26  Probe (Chrono Boost)  
  84  8:28  Cybernetics Core, Graviton Catapult (Chrono Boost)  
  87  8:34  Probe (Chrono Boost)  
  87  8:35  Probe x2 (Chrono Boost)  
  87  8:39  Gateway  
  87  8:42  Pylon  
  87  8:43  Void Ray (Chrono Boost)  
  91  8:52  Probe  
  92  8:58  Pylon  
  92  9:11  Dark Templar  
  92  9:12  Dark Templar x4  
  102  9:27  Dark Templar x2  
  106  9:35  Carrier (Chrono Boost)  
  106  9:36  Void Ray (Chrono Boost)  
  107  9:46  Pylon  
  107  9:47  Gateway  
  107  9:48  Gateway  
  107  9:50  Gateway x2  
  107  9:54  Gateway  
  107  9:56  Pylon  
  113  10:02  Protoss Air Weapons Level 1 (Chrono Boost)  
  113  10:03  Forge  
  113  10:04  Nexus, Assimilator  
  113  10:07  Assimilator  
  113  10:09  Pylon  
  113  10:16  Carrier (Chrono Boost)  
  113  10:29  Robotics Facility  
  113  10:41  Gateway  
  119  10:47  Zealot x3  
  119  10:48  Zealot, Protoss Ground Weapons Level 2 (Chrono Boost)  
  126  11:00  Void Ray (Chrono Boost)  
  130  11:05  Photon Cannon  
  130  11:07  Photon Cannon  
  130  11:08  Pylon  
  130  11:11  Photon Cannon  
  130  11:13  Pylon  
  130  11:15  Pylon  
  130  11:24  Robotics Bay  
  130  11:39  Protoss Air Weapons Level 2  
  130  11:48  Observer (Chrono Boost)  
  131  11:57  Probe  
  132  12:03  Gateway  
  132  12:04  Observer (Chrono Boost)  
  132  12:05  Carrier x2 (Chrono Boost)  
  132  12:06  Gateway  
  132  12:07  Gateway  
  133  12:08  Pylon  
  133  12:09  Gateway  
  133  12:12  Pylon  
  133  12:20  Warp Prism  
  147  12:30  Zealot x2  
  147  12:31  Zealot x2  
  147  12:35  Photon Cannon  
  147  12:38  Pylon  
  147  12:43  Probe x2  
  146  12:56  Disruptor  
  150  12:59  Pylon  
  150  13:00  Gateway  
  150  13:01  Gateway  
  150  13:04  Carrier x2 (Chrono Boost)  
  150  13:10  Cybernetics Core, Gateway  
  150  13:26  Nexus  
  150  13:27  Pylon  
  150  13:39  Zealot x2  
  150  13:40  Zealot x4  
  150  13:41  Zealot x6  
  166  13:43  Zealot  
  176  13:49  Dark Templar  
  176  13:50  Dark Templar  
  180  13:59  Zealot  
  154  14:25  Disruptor (Chrono Boost)  
  154  14:30  Protoss Ground Weapons Level 3, Protoss Air Weapons Level 3 (Chrono Boost)  
  152  14:47  Archon  
  144  14:59  Assimilator  
  140  15:04  Pylon  
  140  15:05  Assimilator  
  144  15:08  Disruptor (Chrono Boost)  
  144  15:25  Stalker x3  
  144  15:26  Stalker, Zealot  
  144  15:27  Zealot x5  
  144  15:28  Zealot  
  166  15:38  Protoss Air Armor Level 1 (Chrono Boost)  
  166  15:48  Carrier x2 (Chrono Boost)  
  166  15:49  Warp Prism  
  142  15:52  Zealot x3  
  150  16:03  Probe (Chrono Boost)  
  154  16:07  Probe x3 (Chrono Boost)  
  168  16:11  Mothership Core (Chrono Boost)  
  168  16:22  Robotics Facility  
  168  16:24  Pylon  
  168  16:33  Disruptor x2  
  166  16:58  Disruptor (Chrono Boost)  
  162  17:29  Zealot  
Show
View Real Time Build Order
Export as new Build Order

Ratchet Zerg 

Build Orders: Hatch First 

Get SALT Encoding   

  12  0:01  Drone  
  13  0:12  Drone  
  14  0:14  Extractor  
  14  0:15  Drone  
  15  0:39  Hatchery  
  14  0:45  Extractor  
  14  0:46  Drone  
  14  0:49  Overlord  
  15  1:05  Spawning Pool  
  15  1:08  Drone  
  15  1:12  Drone  
  15  1:17  Drone  
  17  1:20  Drone, Extractor  
  17  1:30  Drone  
  18  1:44  Drone  
  19  1:52  Queen x2  
  23  1:55  Overlord  
  23  2:03  Drone x2  
  23  2:05  Drone  
  26  2:13  Drone  
  26  2:14  Drone  
  28  2:24  Drone x2  
  28  2:29  Queen  
  30  2:35  Overlord  
  32  2:38  Drone  
  32  2:40  Metabolic Boost  
  33  2:45  Drone x2  
  33  2:50  Extractor  
  34  2:55  Drone  
  34  2:57  Drone  
  36  3:02  Overlord  
  36  3:03  Drone x3  
  36  3:05  Drone  
  40  3:09  Drone x2  
  42  3:14  Drone  
  42  3:15  Drone  
  44  3:21  Roach Warren  
  44  3:22  Drone  
  44  3:27  Drone x2  
  46  3:32  Lair  
  46  3:36  Drone x2  
  46  3:38  Extractor  
  46  3:40  Drone  
  46  3:41  Drone x2  
  49  3:45  Drone x2  
  52  3:49  Drone, Extractor  
  52  3:51  Overlord  
  52  3:57  Overlord  
  52  4:12  Evolution Chamber  
  52  4:14  Roach x4  
  52  4:15  Evolution Chamber  
  58  4:19  Zergling x4  
  58  4:20  Zergling x8  
  64  4:27  Zergling x4  
  64  4:30  Glial Reconstitution  
  66  4:35  Overlord x2  
  66  4:38  Zerg Missile Weapons Level 1  
  66  4:41  Zerg Ground Armor Level 1  
  66  4:46  Roach  
  66  4:47  Overlord  
  66  4:49  Overlord  
  68  4:53  Burrow  
  68  4:57  Overlord  
  68  5:12  Roach x2  
  72  5:15  Hatchery, Roach  
  72  5:16  Roach  
  72  5:19  Roach  
  77  5:24  Roach x2  
  77  5:27  Overlord  
  81  5:32  Roach x2  
  85  5:38  Spore Crawler, Overseer x2  
  85  5:41  Spore Crawler  
  83  5:46  Roach x2  
  85  5:58  Roach x3  
  85  6:02  Drone  
  85  6:03  Drone x2  
  94  6:05  Zergling x2  
  94  6:08  Drone  
  94  6:10  Hatchery, Ravager  
  94  6:11  Ravager x3  
  99  6:13  Overlord  
  99  6:20  Overlord  
  99  6:28  Overlord x2  
  99  6:29  Overlord  
  99  6:32  Zerg Missile Weapons Level 2  
  99  6:35  Ravager  
  99  6:36  Ravager x2  
  99  6:37  Ravager x2  
  99  6:38  Ravager  
  105  6:48  Overlord x3  
  105  6:50  Zergling x2  
  106  6:56  Roach x2  
  110  7:02  Roach x2  
  114  7:14  Roach  
  114  7:15  Roach x2  
  119  7:26  Ravager x2  
  116  7:33  Roach  
  116  7:34  Roach x4  
  118  7:46  Drone x6  
  118  7:56  Overseer x2  
  118  7:57  Pneumatized Carapace  
  114  8:10  Overseer  
  114  8:12  Drone x7  
  118  8:18  Roach x4  
  118  8:19  Roach x3  
  132  8:21  Ravager x3  
  135  8:27  Ravager  
  135  8:34  Extractor, Queen  
  136  8:37  Extractor  
  136  8:39  Drone x5  
  141  8:43  Ravager x2  
  141  8:46  Hatchery  
  142  8:51  Drone  
  142  8:52  Infestation Pit, Zergling x2  
  142  8:53  Zergling x8  
  147  9:03  Roach x3  
  153  9:12  Overlord  
  153  9:13  Overlord x3  
  117  9:33  Spire  
  117  9:34  Roach x7  
  93  9:40  Zergling x4  
  88  9:56  Ravager  
  88  9:57  Ravager x2  
  88  9:58  Ravager x4  
  88  9:59  Ravager  
  96  10:05  Drone x2  
  99  10:07  Zergling x18  
  99  10:08  Zergling x2  
  104  10:23  Hive  
  104  10:27  Overseer  
  104  10:30  Zergling x26  
  113  10:36  Queen  
  113  10:46  Corruptor x3, Extractor  
  113  10:48  Extractor  
  113  10:49  Corruptor  
  116  10:52  Zergling x2  
  116  10:53  Zergling x2  
  116  10:54  Zergling x2  
  116  10:55  Zergling x2  
  115  10:59  Corruptor  
  114  11:05  Corruptor  
  114  11:08  Corruptor  
  113  11:12  Corruptor  
  113  11:16  Corruptor  
  116  11:22  Zerg Flyer Weapons Level 1  
  116  11:23  Corruptor  
  117  11:28  Overseer x2  
  117  11:32  Drone  
  116  11:33  Drone x3  
  118  11:40  Viper  
  121  11:48  Zergling x18  
  121  11:49  Zergling x2  
  121  11:52  Viper  
  134  11:59  Ravager  
  134  12:00  Ravager  
  136  12:06  Roach x4  
  140  12:22  Corruptor x2  
  142  12:34  Corruptor x2  
  142  12:35  Corruptor  
  144  12:45  Corruptor  
  144  12:47  Drone x3  
  144  12:48  Drone x6  
  155  13:01  Hatchery  
  155  13:04  Viper x2  
  160  13:11  Corruptor  
  162  13:13  Queen  
  166  13:20  Roach x4  
  168  13:54  Overlord  
  168  13:55  Overlord x7  
  166  13:57  Overseer  
  166  14:04  Spine Crawler  
  166  14:05  Spine Crawler  
  166  14:06  Lair  
  164  14:19  Hatchery  
  118  14:53  Extractor  
  118  14:54  Zergling x14  
  118  14:55  Extractor, Zergling x26  
  129  15:08  Spire  
  129  15:12  Roach Warren  
  127  15:21  Infestor  
  127  15:22  Infestor x6  
  141  15:36  Zergling x24  
  141  15:37  Zergling x22  
  156  15:53  Spawning Pool  
  155  15:58  Hive  
  155  16:13  Infestor  
  157  16:23  Corruptor x2  
  161  16:43  Corruptor x3  
  167  16:51  Zergling x2  
  167  16:52  Corruptor, Zergling x10  
  163  17:02  Corruptor x2  
Tags
 
Add a new tag
Caveats
  • Supply blocks, unpowered buildings, or Contaminate may cause inaccurate times.
  • Supply counts are checked every 10 seconds.